 Dungeon Crawl Stone Soup version 0.20-a0-472-g5c05303 (webtiles) character file.

131 wazuzu the Cudgeler (level 4, 0/36 HPs)
             Began as a Draconian Warper on Jan 14, 2017.
             Killed by divine providence
             ... invoked by an orc priest
              (14 damage)
             ... on level 4 of the Dungeon.
             The game lasted 00:05:23 (2291 turns).

wazuzu the Cudgeler (Draconian Warper)              Turns: 2291, Time: 00:05:24

Health: 0/36       AC:  8    Str: 14    XL:     4   Next: 91%
Magic:  7/7        EV: 12    Int: 13    God:
Gold:   177        SH:  0    Dex: 11    Spells: 7/7 levels left

rFire  . . .     SeeInvis +     a - +1 mace
rCold  . . .     Gourm    .     (armour unavailable)
rNeg   + . .     Faith    .     (no shield)
rPois  +         Spirit   .     (helmet restricted)
rElec  .         Reflect  .     w - +2 cloak {rPois}
rCorr  .         Harm     .     (no gloves)
MR     .....                    (no boots)
Stlth  +.........               (no amulet)
                                x - ring of positive energy
                                i - ring of see invisible

@: no status effects
A: unfitting armour, cold-blooded, AC +5
a: no special abilities


You were on level 4 of the Dungeon.
You were hungry.

You visited 1 branch of the dungeon, and saw 4 of its levels.

You collected 177 gold pieces.

Inventory:

Hand Weapons
 a - a +1 mace (weapon)
Missiles
 d - 5 tomahawks of dispersal (quivered)
Armour
 w - a +2 cloak of poison resistance (worn)
Jewellery
 i - a ring of see invisible (left hand)
 x - a ring of positive energy (right hand)
Wands
 u - a wand of iceblast (3/15)
Scrolls
 c - 2 scrolls of blinking
 m - 2 scrolls of enchant weapon
 n - a scroll of remove curse
 s - a scroll of fog
 v - a scroll of identify
Potions
 g - 2 potions of curing {unknown}
 h - a potion of lignification {unknown}
 j - a potion of might {unknown}
 k - 3 potions of heal wounds {unknown}
 r - a potion of brilliance {unknown}
Books
 b - a book of Spatial Translocations

   Spells                             Type                      Level
   a - Blink                          Translocation                2
   b - Shroud of Golubria             Charms/Translocation         2
   c - Lesser Beckoning               Translocation                3
   d - Portal Projectile              Translocation                3
   e - Teleport Other                 Translocation                3
   f - Passage of Golubria            Translocation                4
Comestibles
 f - 2 bread rations
 l - 2 meat rations
 o - a slice of pizza
 p - 6 chunks of flesh
 q - a beef jerky


   Skills:
 - Level 2.1 Fighting
 + Level 5.2 Maces & Flails
 - Level 0.8 Throwing
 - Level 2.1 Dodging
 - Level 2.0 Spellcasting
   Level 3.0 Translocations


You had 7 spell levels left.
You didn't know any spells.

Dungeon Overview and Level Annotations

Branches:
Dungeon (4/15)
 Temple: D:4-7

Altars:
Kikubaaqudgha
Sif Muna
Vehumet
Zin

Annotations:
D:4 Sigmund


Innate Abilities, Weirdness & Mutations

Your plain brown scales are hard. (AC +5)
You cannot fit into any form of body armour.
You are cold-blooded and may be slowed by cold attacks.


Message History

The orc priest invokes the aid of Beogh against you.
Beogh smites you!
You sock the orc priest!
The orc priest is almost dead.
The orc wizard barely misses you.
The orc priest hits you with a short sword.
You closely miss the orc priest.
The orc priest is almost dead.
The orc wizard completely misses you. The orc priest misses you.
You barely miss the orc priest.
The orc priest is almost dead.
The orc wizard hits you with a dagger.
The orc priest mumbles some strange prayers to Beogh against you.
Pain shoots through your body!
You closely miss the orc priest.
The orc priest is almost dead.
The orc wizard hits you but does no damage.
The orc priest mumbles some strange prayers to Beogh against you.
Beogh smites you!
You die...

# #............#
.##########.$..........#
..........#............#
..........+............+
..........#............#
>.........'............+
........########.......#
....)...#..... ##).....#
........#.oo.⌠.#@......#
.......## #..oo###..##
...###.# #..'.# ##.#
.#.....# .⌠..⌠.### #.#
.#.######...... ...
.#......####### .⌠..
...#### .## ......#
##.##.#


You could see an orc priest and an orc wizard.

Vanquished Creatures
  Crazy Yiuf (D:3)
  Ijyb (D:2)
  2 adders (D:2)
  A dart slug (D:1)
  2 leopard geckos
  4 orcs
  4 giant cockroaches
  3 goblins
  6 hobgoblins
  8 jackals (D:1)
  3 kobolds
  4 ball pythons
  5 bats
  3 frilled lizards
  5 rats
52 creatures vanquished.

Notes
Turn   | Place    | Note
-------+----------+-------------------------------------------
     0 | D:1      | wazuzu the Draconian Warper began the quest for the Orb.
     0 | D:1      | Reached XP level 1. HP: 17/17 MP: 3/3
    99 | D:1      | Reached XP level 2. HP: 17/24 MP: 5/5
   264 | D:1      | Reached skill level 3 in Maces & Flails
   767 | D:1      | Reached XP level 3. HP: 23/29 MP: 6/6
  1182 | D:2      | Found a faded altar of an unknown god.
  1230 | D:2      | Reached skill level 4 in Maces & Flails
  1320 | D:2      | Found a glowing silver altar of Zin.
  1321 | D:2      | Found an ancient bone altar of Kikubaaqudgha.
  1324 | D:2      | Found a deep blue altar of Sif Muna.
  1324 | D:2      | Found a radiant altar of Vehumet.
  1483 | D:2      | Noticed Ijyb
  1495 | D:2      | Killed Ijyb
  1495 | D:2      | Reached XP level 4. HP: 34/36 MP: 7/7
  2113 | D:3      | Found a runed door.
  2117 | D:3      | Noticed Crazy Yiuf
  2126 | D:3      | Killed Crazy Yiuf
  2126 | D:3      | Reached skill level 5 in Maces & Flails
  2208 | D:4      | Noticed Sigmund
  2291 | D:4      | Killed from afar by an orc priest

Vault maps used:
D:1:      minmay_arrival_open_corners, serial_forest,
          infiniplex_forest_clump_cross, infiniplex_forest_lined_4_way,
          infiniplex_forest_clump_long, infiniplex_forest_clump_medium,
          infiniplex_forest_straight_3, infiniplex_forest_lined_3_way,
          infiniplex_forest_lined_3_way, solitary_fountain,
          minmay_misc_feat_nine_boxes
D:2:      grunt_temple_overflow_open, chequers_ecumenical_altar_island,
          minmay_misc_feat_rows, uniq_iyjb
D:3:      uniq_crazy_yiuf_cottage
D:4:      minmay_misc_feat_tower, kennysheep_generic_room_15, uniq_sigmund

Skill      XL: |  1  2  3  4 |
---------------+-------------+-----
Maces & Flails | 3 4 5 |  5.2
Fighting       | |  2.1
Throwing       | |  0.8
Dodging        | |  2.1
Spellcasting   | |  2.0
Translocations | |  3.0

Action                   |  1- 3 |  4- 6 || total
-------------------------+-------+-------++-------
Melee: Mace              |   108 |    49 ||   157
       Tailslap          |     7 |     6 ||    13
  Use: Scroll            |       |     6 ||     6
 Stab: Sleeping          |     1 |     1 ||     2
  Eat: Chunk             |     2 |     2 ||     4
Armor: Skin              |    37 |     9 ||    46
Dodge: Dodged            |    82 |    23 ||   105
